 Dungeon Crawl Stone Soup version 0.20.1-1-g8b1a95d (webtiles) character file.

89 Ymberti the Skirmisher (level 4, -1/40 HPs)
             Began as a Hill Orc Fighter on Oct 8, 2017.
             Slain by an orc warrior
             ... wielding a +0 scimitar
              (10 damage)
             ... on level 2 of the Dungeon.
             The game lasted 00:05:16 (1764 turns).

Ymberti the Skirmisher (Hill Orc Fighter)           Turns: 1764, Time: 00:05:17

Health: -1/40      AC:  6    Str: 18    XL:     4   Next: 55%
Magic:  4/4        EV:  7    Int:  8    God:
Gold:   118        SH:  9    Dex: 11    Spells: 3/3 levels left

rFire    . . .     SeeInvis .   a - +0 long sword
rCold    . . .     Gourm    .   c - +0 shield
rNeg     . . .     Faith    .   b - +0 scale mail
rPois    .         Spirit   .   (no helmet)
rElec    .         Reflect  .   (no cloak)
rCorr    .         Harm     .   (no gloves)
MR       .....                  (no boots)
Stlth    ..........             (no amulet)
Regen    0.2/turn               (no ring)
MPRegen  0.1/turn               (no ring)

@: lethally poisoned (-1 -> -4)
A: no striking features
a: no special abilities


You were on level 2 of the Dungeon.
You were not hungry.

You visited 1 branch of the dungeon, and saw 3 of its levels.

You collected 118 gold pieces.

Inventory:

Hand Weapons
 a - a +0 long sword (weapon)
Armour
 b - a +0 scale mail (worn)
 c - a +0 shield (worn)
Jewellery
 n - a cursed ring of teleportation {unknown}
Wands
 r - a wand of random effects (25/48)
Scrolls
 e - a scroll of teleportation {unknown}
 g - 2 scrolls of fear {unknown}
 h - a scroll of amnesia {unknown}
 i - 6 scrolls of identify {unknown}
 k - a scroll of immolation {unknown}
 m - a scroll of recharging {unknown}
 p - 2 scrolls of remove curse {unknown}
 q - a scroll of random uselessness {unknown}
Potions
 j - a potion of lignification {unknown}
 l - a potion of flight {unknown}
 o - 2 potions of haste {unknown}
Comestibles
 d - 3 fruits
 f - 2 bread rations


   Skills:
 + Level 4.3 Fighting
 + Level 3.1 Long Blades
 + Level 3.5 Armour
 + Level 0.4 Dodging
 + Level 0.1 Stealth
 + Level 4.2 Shields


You had 3 spell levels left.
You didn't know any spells.

Dungeon Overview and Level Annotations

Branches:
Dungeon (3/15)

Altars:
Okawaru
Xom

Annotations:
D:3 Irenicus's ghost, weakling DDCK


Message History

You block the adder's attack.
You hit the orc warrior but do no damage.
The frilled lizard bites you but does no damage.
You block the adder's attack.
The orc warrior hits you with a scimitar!
You block the frilled lizard's attack.
You closely miss the orc warrior. The adder bites you.
You are poisoned.
The adder poisons you! You block the orc warrior's attack.
You block the adder's attack. The frilled lizard bites you.
The orc barely misses you.
You closely miss the orc warrior.
You feel sick. The adder bites you. You block the orc warrior's attack.
The frilled lizard bites you.
* * * LOW HITPOINT WARNING * * *
The orc hits you but does no damage. The adder bites you but does no damage.
You closely miss the orc warrior. The frilled lizard bites you.
* * * LOW HITPOINT WARNING * * *
The orc barely misses you. You block the adder's attack.
The orc warrior hits you with a scimitar!
You die...

.............# #..........#
########'##### #..........# #.#
#.....###### ####.# #.....#
#....# #.....# #....# #.....#
#....#### #o....###########
#####.......#####oo...#..........
>...'.......'..S@o....'..........
..###.......####.l....#..........
..# ####....# #.######....b.....
..# #....# #.# #.......... ..#
#....####+######......b... ..#
#...).....................
..######.....)...................
..'.......................)......
..#####..........................


You could see an orc warrior, an adder, 3 orcs and a frilled lizard.

Vanquished Creatures
  Terence (D:2)
  2 adders
  A worm (D:2)
  A leopard gecko (D:2)
  A ball python (D:2)
  A giant cockroach (D:1)
  6 goblins
  3 hobgoblins
  4 jackals (D:2)
  3 bats
  A frilled lizard (D:1)
  11 kobolds
  4 rats
39 creatures vanquished.

Notes
Turn   | Place    | Note
-------+----------+-------------------------------------------
     0 | D:1      | Ymberti the Hill Orc Fighter began the quest for the Orb.
     0 | D:1      | Reached XP level 1. HP: 19/19 MP: 1/1
   291 | D:1      | Reached XP level 2. HP: 20/27 MP: 2/2
   653 | D:2      | Reached XP level 3. HP: 29/33 MP: 3/3
   988 | D:2      | Found an iron altar of Okawaru.
   999 | D:2      | Found a shimmering altar of Xom.
  1083 | D:2      | Noticed Terence
  1096 | D:2      | Killed Terence
  1096 | D:2      | Reached XP level 4. HP: 28/40 MP: 4/4
  1493 | D:3      | Noticed Irenicus's ghost (weakling DDCK)
  1758 | D:2      | Noticed an orc warrior
  1764 | D:2      | Slain by an orc warrior

Skill      XL: |  1  2  3 |
---------------+----------+-----
Shields        | 4 |  4.2
Fighting       | 4 |  4.3
Long Blades    | 3 |  3.1
Armour         | |  3.5
Dodging        | |  0.4
Stealth        | |  0.1

Action                   |  1- 3 |  4- 6 || total
-------------------------+-------+-------++-------
Melee: Long sword        |   103 |    59 ||   162
  Use: Potion            |     1 |       ||     1
  Eat: Bread ration      |       |     1 ||     1
Armor: Scale mail        |    71 |    22 ||    93
Dodge: Dodged            |    44 |    17 ||    61
Block: Shield            |    72 |    35 ||   107
       Rpst.: Long sword |    17 |     4 ||    21
